 Dungeon Crawl Stone Soup version 0.16.1-2-g95b8d4c (webtiles) character file.

98 Siriah the Grave Robber (level 4, -7/37 HPs)
             Began as a Deep Dwarf Necromancer on Mar 25, 2015.
             Killed by nerve-wracking pain
             ... invoked by a shadow imp
             ... summoned by Natasha
              (10 damage)
             ... on level 3 of the Dungeon.
             The game lasted 00:09:28 (1863 turns).

Siriah the Grave Robber (Deep Dwarf Necromancer)    Turns: 1863, Time: 00:09:28

Health: -7/37      AC:  8    Str: 12    XL:     4   Next: 44%
Magic:  5/8        EV: 13    Int: 16    God:
Gold:   107        SH:  0    Dex: 13    Spells: 3 memorised, 3 levels left

rFire  . . .     SeeInvis .     a - +0 mace
rCold  . . .     Clarity  .     k - +0 robe (curse)
rNeg   + . .     SustAb   .     (no shield)
rPois  .         Gourm    .     (no helmet)
rElec  .         Spirit   .     v - +0 cloak
rCorr  .         Warding  .     o - +1 pair of gloves
rMut   .         Stasis   .     (no boots)
MR     .....                    (no amulet)
Stlth  ++........               h - +3 ring of protection
                                s - ring of positive energy

@: non-regenerating, not resistant to hostile enchantments, unstealthy
A: damage resistance, recharge devices, sense surroundings 1, slow healing 3
a: Device Recharging


You were on level 3 of the Dungeon.
You were not hungry.

You visited 1 branch of the dungeon, and saw 3 of its levels.

You collected 107 gold pieces.

Inventory:

Hand weapons
 a - a +0 mace (weapon)
 b - a +3 hunting sling
Missiles
 e - 112 stones (quivered)
 q - 22 sling bullets
Armour
 k - a cursed +0 robe (worn)
 o - a +1 pair of gloves (worn)
 v - a +0 cloak (worn)
Jewellery
 g - an uncursed ring of protection from cold
 h - a +3 ring of protection (right hand)
 s - a ring of positive energy (left hand)
Magical devices
 c - a wand of heal wounds (3)
Scrolls
 i - 3 scrolls of fog {unknown}
 l - 2 scrolls of remove curse {unknown}
 r - 4 scrolls of amnesia {unknown}
 u - a scroll of fear {unknown}
 x - a scroll of identify {unknown}
 y - 2 scrolls of magic mapping {unknown}
Potions
 m - a potion of restore abilities {unknown}
 n - 2 potions of brilliance
 w - a potion of degeneration {unknown}
 z - a potion of curing {unknown}
Books
 p - a book of Necromancy

   Spells                             Type                      Level
   a - Pain                           Necromancy                   1
   b - Animate Skeleton               Necromancy                   1
   c - Vampiric Draining              Necromancy                   3
   d - Regeneration                   Charms/Necromancy            3
   e - Animate Dead                   Necromancy                   4
   f - Control Undead                 Necromancy                   4
Comestibles
 d - 4 bread rations
 f - 3 beef jerkies
 j - a slice of pizza
 t - a chunk of flesh


   Skills:
 + Level 0.3 Fighting
 + Level 2.9 Dodging
 + Level 2.8 Stealth
 + Level 2.5 Spellcasting
 + Level 5.4 Necromancy


You had 3 spell levels left.
You knew the following spells:

 Your Spells              Type           Power        Failure   Level  Hunger
a - Pain                  Necr           ###.         1%          1    #......
b - Animate Skeleton      Necr           N/A          1%          1    #......
c - Vampiric Draining     Necr           ###.......   8%          3    ###....


Dungeon Overview and Level Annotations

Branches:
Dungeon (3/15)

Altars:

Annotations:
D:3 Natasha, Sigmund


Innate Abilities, Weirdness & Mutations

You are resistant to damage.
You can recharge devices by infusing magical energy.
You passively map a small area around you.
You do not heal naturally.


Message History

Sigmund hits you from afar with a scythe.
Natasha completely misses you.
You closely miss Natasha.
Natasha is lightly wounded.
Sigmund gestures wildly while chanting.
Sigmund flickers and vanishes!
Deactivating autopickup; reactivate with Ctrl-A.
Natasha barely misses you.
You closely miss Natasha. Natasha claws you!
You hit Natasha.
Natasha is moderately wounded.
Natasha casts a spell at you. The magic dart hits you! Natasha misses you.
The shadow imp shouts, "Scamper home, thou paunchy common-kissing apple-john!"
Natasha claws you!
* * * LOW HITPOINT WARNING * * *
Something barely misses you. The shadow imp gestures at you.
Pain shoots through your body!
You die...

. * * * #. * #. #####*
##. #... * , .., ... ,,
* #. * #.# **
#.####.####.# *
#..5.@......# *
######h.###.###..# ,
...............# , * ,
....#########.#.# .#
.................# ...#
, *
.................#....##
* ,
..........@............,
* *
##............#...... ,
##(...(..#.#....###


You could see Natasha and a shadow imp.

Vanquished Creatures
  Natasha (D:3)
  Terence (D:2)
  2 adders
  3 oozes
  A ball python (D:1)
  4 bats
  A giant cockroach (D:2)
  8 goblins
  7 hobgoblins
  3 kobolds
  2 giant newts (D:1)
  8 rats
41 creatures vanquished.

Vanquished Creatures (collateral kills)
  A hobgoblin (D:1)
1 creature vanquished.

Vanquished Creatures (others)
  2 adder skeletons
  A bat skeleton (D:1)
  2 goblin skeletons (D:2)
  A hobgoblin skeleton (D:2)
  2 rat skeletons
8 creatures vanquished.

Grand Total: 50 creatures vanquished

Notes
Turn   | Place    | Note
--------------------------------------------------------------
     0 | D:1      | Siriah, the Deep Dwarf Necromancer, began the quest for the Orb.
     0 | D:1      | Reached XP level 1. HP: 15/15 MP: 2/2
   293 | D:1      | Learned a level 1 spell: Animate Skeleton
   364 | D:1      | Reached XP level 2. HP: 16/22 MP: 0/3
  1196 | D:2      | Reached XP level 3. HP: 14/28 MP: 5/5
  1312 | D:2      | Reached skill level 5 in Necromancy
  1481 | D:2      | Noticed Terence
  1491 | D:2      | Killed Terence
  1731 | D:3      | Reached XP level 4. HP: 33/37 MP: 6/8
  1736 | D:3      | Learned a level 3 spell: Vampiric Draining
  1787 | D:3      | Noticed Natasha
  1791 | D:3      | Killed Natasha
  1813 | D:3      | Noticed Sigmund
  1842 | D:3      | Noticed Natasha
  1863 | D:3      | Killed from afar by a shadow imp

Action                   |  1- 3 |  4- 6 || total
-------------------------+-------+-------++-------
Melee: Mace              |    49 |     7 ||    56
 Fire: Hunting sling     |    28 |     8 ||    36
Throw: Stone             |     3 |       ||     3
 Cast: Pain              |    35 |    10 ||    45
       Animate Skeleton  |     9 |     1 ||    10
Evoke: Wand              |     1 |     1 ||     2
  Use: Potion            |     1 |       ||     1
  Eat: Chunk             |     3 |     1 ||     4
